 Dungeon Crawl Stone Soup version 0.21.1-1-g345015f (webtiles) character file.

273 PcStooge the Magician (level 6, 0/50 HPs)
             Began as a Gnoll Wanderer on June 1, 2018.
             Killed from afar by a dart slug (5 damage)
             ... with a slug dart
             ... on level 3 of the Dungeon.
             The game lasted 00:24:52 (1705 turns).

PcStooge the Magician (Gnoll Wanderer)              Turns: 1705, Time: 00:24:53

Health: 0/50       AC:  0    Str: 20    XL:     6   Next: 24%
Magic:  13/13      EV: 19    Int: 15    God:
Gold:   146        SH:  0    Dex: 20    Spells: 15/15 levels left

rFire    . . .     SeeInvis .     - Unarmed
rCold    . . .     Gourm    .   (shield currently unavailable)
rNeg     . . .     Faith    .   (armour currently unavailable)
rPois    .         Spirit   .   (helmet currently unavailable)
rElec    .         Reflect  .   (cloak currently unavailable)
rCorr    .         Harm     .   (gloves currently unavailable)
MR       .....                  (boots currently unavailable)
Stlth    +++.......             (no amulet)
HPRegen  0.16/turn              (ring currently unavailable)
MPRegen  0.13/turn              (ring currently unavailable)

@: mighty, bat-form, flying, very quick
A: tiny, distributed training, strong nose
a: no special abilities


You were on level 3 of the Dungeon.
You were not hungry.
You were in bat-form.
You visited 1 branch of the dungeon, and saw 3 of its levels.

You collected 146 gold pieces.

Inventory:

Hand Weapons
 b - a +2 blowgun
 j - a +0 whip
 s - a +3 hand axe of chopping (melded)
 t - a +1 dagger of venom
Missiles
 a - 2 curare-tipped needles
 i - 60 stones (quivered)
 m - 7 bolts
Armour
 r - a +1 leather armour of fire resistance (melded)
Jewellery
 p - a ring of see invisible (melded)
Wands
 k - a wand of iceblast (9)
 q - a wand of digging (12)
Scrolls
 c - a scroll of identify {unknown}
 d - 3 scrolls of teleportation
 g - a scroll of fear {unknown}
 l - a scroll of amnesia {unknown}
Potions
 n - 2 potions of might
Comestibles
 h - 2 rations


   Skills:
 + Level 4.9 Fighting
 + Level 1.8 Short Blades
 + Level 1.8 Long Blades
 + Level 1.8 Axes
 + Level 4.9 Maces & Flails
 + Level 1.8 Polearms
 + Level 1.8 Staves
 + Level 1.8 Slings
 + Level 1.8 Bows
 + Level 1.8 Crossbows
 + Level 3.1 Throwing
 + Level 3.1 Armour
 + Level 1.8 Dodging
 + Level 3.0 Stealth
 + Level 1.8 Shields
 + Level 1.8 Unarmed Combat
 + Level 5.3 Spellcasting
 + Level 1.4 Conjurations
 + Level 1.4 Hexes
 + Level 1.4 Charms
 + Level 1.4 Summonings
 + Level 1.4 Necromancy
 + Level 1.4 Translocations
 + Level 1.4 Transmutations
 + Level 1.4 Fire Magic
 + Level 2.5 Ice Magic
 + Level 1.4 Air Magic
 + Level 1.4 Earth Magic
 + Level 1.4 Poison Magic
 + Level 2.0 Invocations
 + Level 1.8 Evocations


You had 15 spell levels left.
You didn't know any spells.

Dungeon Overview and Level Annotations

Branches:
Dungeon (3/15)

Altars:


Innate Abilities, Weirdness & Mutations

Your experience applies equally to all skills.
((You have very sharp teeth.))
Your uncanny sense of smell can sniff out nearby items.


Message History

You closely miss the white imp.
The white imp is almost dead.
The white imp disappears in a puff of smoke!
Natasha zaps a wand.
You turn into a bat.
Your +3 hand axe of chopping melds into your body.
Your +1 leather armour of fire resistance melds into your body.
Your ring of see invisible melds into your body.
You feel less resistant to fire.
Natasha zaps a wand.
You feel very mighty all of a sudden.
You hit Natasha.
Natasha is almost dead.
Natasha misses you.
You hit Natasha.
You kill Natasha!
Natasha growls in agony!
You bite the dart slug!
The dart slug is severely wounded.
The dart slug launches a dart at you. The slug dart hits you!
You die...

#################################
...............................[)
#################################
###########.....# #####
######........##.###.####...#####
...............w..<............>#
.K.........w.§##b#...####...###.#
#......5...#.#.#.####...###.#
##.....h..#######.≈.........# ...
+....5.<## #≈≈.##.###..# #.#
#.......# ∆ #≈.......#..#
<.......#.# #≈≈#.#.#.#..#
####....#.# #≈≈##[.#.#..#
....#.### #≈.###.#.#..# ######.#
#≈≈#...#+#...


You could see a dart slug.

Vanquished Creatures
  The ghost of antares the Conjurer, an amateur OpCj (D:3)
  A crimson imp (D:3)
  An orc priest (D:3)
  Natasha (D:3)
  Ijyb (D:3)
  2 adders (D:2)
  3 worms
  A leopard gecko (D:2)
  5 orcs (D:3)
  2 giant cockroaches (D:2)
  9 hobgoblins
  4 jackals (D:2)
  6 kobolds
  A quokka (D:2)
  7 bats
  5 frilled lizards
  2 goblins (D:1)
  8 rats
60 creatures vanquished.

Notes
Turn   | Place    | Note
-------+----------+-------------------------------------------
     0 | D:1      | PcStooge the Gnoll Wanderer began the quest for the Orb.
     0 | D:1      | PcStooge set off with: 2 curare-tipped needles, a +2 blowgun, a +0 mace, a scroll of teleportation, a +0 robe, a ration
     0 | D:1      | Reached XP level 1. HP: 20/20 MP: 6/6
   162 | D:1      | Reached XP level 2. HP: 18/26 MP: 7/7
   838 | D:2      | Reached XP level 3. HP: 27/31 MP: 9/9
   879 | D:2      | Reached skill level 5 in Spellcasting
  1113 | D:2      | Reached skill level 1 in Invocations
  1152 | D:2      | Reached skill level 1 in Short Blades
  1152 | D:2      | Reached skill level 1 in Long Blades
  1152 | D:2      | Reached skill level 1 in Axes
  1152 | D:2      | Reached skill level 1 in Polearms
  1152 | D:2      | Reached skill level 1 in Staves
  1152 | D:2      | Reached skill level 1 in Slings
  1152 | D:2      | Reached skill level 1 in Bows
  1152 | D:2      | Reached skill level 1 in Crossbows
  1152 | D:2      | Reached skill level 1 in Dodging
  1152 | D:2      | Reached skill level 1 in Shields
  1152 | D:2      | Reached skill level 1 in Unarmed Combat
  1152 | D:2      | Reached skill level 1 in Evocations
  1152 | D:2      | Reached XP level 4. HP: 20/38 MP: 11/11
  1350 | D:3      | Noticed antares's ghost (amateur OpCj)
  1369 | D:3      | Killed antares's ghost
  1369 | D:3      | Reached skill level 1 in Conjurations
  1369 | D:3      | Reached skill level 1 in Hexes
  1369 | D:3      | Reached skill level 1 in Charms
  1369 | D:3      | Reached skill level 1 in Summonings
  1369 | D:3      | Reached skill level 1 in Necromancy
  1369 | D:3      | Reached skill level 1 in Translocations
  1369 | D:3      | Reached skill level 1 in Transmutations
  1369 | D:3      | Reached skill level 1 in Fire Magic
  1369 | D:3      | Reached skill level 1 in Air Magic
  1369 | D:3      | Reached skill level 1 in Earth Magic
  1369 | D:3      | Reached skill level 1 in Poison Magic
  1369 | D:3      | Reached XP level 5. HP: 23/43 MP: 12/12
  1379 | D:3      | Noticed Ijyb
  1418 | D:3      | Killed Ijyb
  1547 | D:3      | Reached XP level 6. HP: 18/50 MP: 13/13
  1658 | D:3      | Noticed Natasha
  1703 | D:3      | Killed Natasha
  1705 | D:3      | Killed from afar by a dart slug

Skill      XL: |  1  2  3  4  5  6 |
---------------+-------------------+-----
Ice Magic      | 2 |  2.5
Spellcasting   | 5 |  5.3
Invocations    | 1 2 |  2.0
Short Blades   | 1 |  1.8
Long Blades    | 1 |  1.8
Axes           | 1 |  1.8
Polearms       | 1 |  1.8
Staves         | 1 |  1.8
Slings         | 1 |  1.8
Bows           | 1 |  1.8
Crossbows      | 1 |  1.8
Dodging        | 1 |  1.8
Shields        | 1 |  1.8
Unarmed Combat | 1 |  1.8
Evocations     | 1 |  1.8
Conjurations   | 1 |  1.4
Hexes          | 1 |  1.4
Charms         | 1 |  1.4
Summonings     | 1 |  1.4
Necromancy     | 1 |  1.4
Translocations | 1 |  1.4
Transmutations | 1 |  1.4
Fire Magic     | 1 |  1.4
Air Magic      | 1 |  1.4
Earth Magic    | 1 |  1.4
Poison Magic   | 1 |  1.4
Throwing       | 3 |  3.1
Armour         | 3 |  3.1
Stealth        | 3 |  3.0
Fighting       | |  4.9
Maces & Flails | |  4.9

Action                   |  1- 3 |  4- 6 || total
-------------------------+-------+-------++-------
Melee: Mace              |    23 |       ||    23
       Bite              |    16 |    17 ||    33
       Whip              |   120 |    80 ||   200
       Spear             |     7 |       ||     7
       Hand axe          |       |    50 ||    50
       Unarmed           |       |    25 ||    25
       Punch             |       |     1 ||     1
Throw: Stone             |    20 |     6 ||    26
  Use: Potion            |       |     4 ||     4
 Stab: Sleeping          |     1 |     1 ||     2
  Eat: Ration            |     1 |       ||     1
Armor: Robe              |     9 |       ||     9
       Plate armour      |    51 |    31 ||    82
       Chain mail        |    14 |       ||    14
       Leather armour    |       |    16 ||    16
Dodge: Dodged            |    51 |    61 ||   112
